AoeStats
← RoronoaZoro3785

Oasis

509972053Analyzed
4v4 RM · 20d ago on Sep 28, 2026· 23m 1s· 8 players
Game mode
Random Map
Map size
Large (8 player)
Population
200
Speed
Normal
Resources
Standard
Victory
Conquest
Starting age
Dark Age
Ending age
Imperial Age
RankedLock teamsTeams togetherTeam positionsShared explorationLock speedFull tech treeHidden civsTurbo modeCheats
Victory
Defeat
🇲🇽 Saxons · Mexico
1301
+11
🇺🇸 Chinese · United States
1200
+15
🇵🇰 Persians · Pakistan
1182
+16
🇲🇽 Varangians · Mexico
1091
+19
vs
🇦🇷 Spanish · Argentina
1241
-18
🇨🇴 Italians · Colombia
1178
-15
🇨🇱 Vietnamese · Chile
1160
-15
🇧🇷 Burgundians · Brazil
1127
-13
Capitan.Salinas
6:53 Loom
9:28 Feudal Age
15:55 Wheelbarrow
18:52 Double-Bit Axe
19:21 Fletching
22:45 Castle Age
20:51 Fletching
Profesor Cocoon
5:29 Loom
11:09 Feudal Age
16:59 Castle Age
16:03 Double-Bit Axe
17:44 Town Watch
19:31 Bow Saw
20:13 Horse Collar
Hanyo
3:42 Loom
11:01 Feudal Age
11:35 Town Watch
11:50 Double-Bit Axe
13:46 Fletching
13:57 Padded Archer Armor
joaopessoense
7:22 Double-Bit Axe
11:41 Feudal Age
15:43 Castle Age
14:28 Bow Saw
15:42 Horse Collar
21:21 Loom
21:22 Town Watch
22:28 Husbandry
22:39 Heavy Plow
[ Wildpigs ] RonRon
7:31 Loom
9:58 Feudal Age
11:42 Bloodlines
20:09 Castle Age
19:24 Scale Barding Armor
19:30 Forging
19:42 Double-Bit Axe
19:38 Horse Collar
20:55 Husbandry
22:56 Wheelbarrow
[ Wildpigs ] Er
7:43 Loom
9:59 Feudal Age
13:27 Fletching
23:54 Castle Age
22:17 Padded Archer Armor
RoronoaZoro3785
0:26 Loom
9:10 Feudal Age
11:04 Double-Bit Axe
11:29 Double-Bit Axe
14:28 Fletching
21:26 Castle Age
21:30 Crossbowman
22:06 Bodkin Arrow
SHK9682
6:46 Loom
9:37 Feudal Age
10:00 Double-Bit Axe
12:40 Town Watch
12:51 Horse Collar
22:13 Castle Age
21:47 Gold Mining
Connection lost

Rejoining the realm…

Still unreachable

The connection could not be restored.

Session expired

The server has moved on; the page needs a fresh start.